Cogmind - Beta 15 @@@ ROGUE MODE // 2025.08.09 @ 19:46:28 Player: Andru7428 Result: Core destroyed Performance ------------- Evolutions (9) 4500 Regions Visited (27) 5400 Robots Destroyed (488) 2440 Value Destroyed (20736) 20736 Prototype IDs (54) 1080 Alien Tech Used (2) 400 Bonus (12943) 12943 TOTAL SCORE: 47499 Bonus ------- High Alert Combat Kills 4101 Follower Combat Kills 1267 Entered Garrisons 400 Network Hubs Disabled 200 Met Data Miner 300 Acquired ECA 300 Met Zhirov 300 Met Warlord at Base 500 MAIN.C Attacked Warlord 500 Warlord Defense Kills 1522 Built Enhanced Grunts 300 A7 Reached Mainframe 300 Read Decrypted Archives 300 Met Warlord at Research 2000 Invited to Help at Command 2000 Friendly Fire -1347 Cogmind --------- Core Integrity 0/1600 Matter 60/300 Energy 100/100 System Corruption 4% Temperature Cool (0) Movement Core (50) Location -1/Access Parts ------- > --- POWER (2) -------- (None) > --- PROPULSION (5) --- (None) > --- UTILITY (13) ----- (None) > --- WEAPON (5) ------- (None) > --- INVENTORY (5) ---- Quantum Reactor Flexi-carbon Leg Thunder Leg Improved Matter Compressor (15) Experimental Focal Shield Peak State ------------ > --- POWER ------------ Light Quantum Reactor Light Quantum Reactor > --- PROPULSION ------- Enhanced Biometal Leg Enhanced Biometal Leg Centrium Leg Heavy Shield Leg > --- UTILITY ---------- Large Storage Unit Long-range Sensor Array Advanced Signal Interpreter Advanced Targeting Computer Advanced Target Analyzer Advanced Target Analyzer Experimental Core Analyzer Improved Armor Integrity Analyzer Phase Armor Experimental Focal Shield Advanced Hacking Suite Advanced Dynamic Insulation System > --- WEAPON ----------- Railgun Advanced KE Penetrator Advanced KE Penetrator Helical Railgun Helical Railgun > --- INVENTORY -------- Light Quantum Reactor Matter Drive Centrium Leg Centrium Leg Advanced Heat Sink Improved Matter Compressor Improved Heavy Armor Plating Enhanced Nova Cannon Railgun Micro-nuke Launcher Advanced Remote Datajack [Rating: 211] Favorites ----------- Power Deuterium Engine Engine Deuterium Engine Power Core Nuclear Core Reactor Light Quantum Reactor Propulsion Improved Titanium Leg Treads Light Treads Leg Improved Titanium Leg Utility Large Storage Unit Device Seismic Detector Storage Large Storage Unit Processor Advanced Targeting Computer Hackware Advanced Hacking Suite Protection Layered Medium Armor Plating Artifact Phase Armor Weapon Precision Assault Rifle Energy Gun Advanced Beam Rifle Energy Cannon Ion Cannon Ballistic Gun Precision Assault Rifle Ballistic Cannon Hypervelocity Mass Driver Launcher Fusion Bomb Launcher Special Weapon Improved Remote Datajack Impact Weapon Powered Hammer Slashing Weapon Makeshift Sword Build | -11 -10 -9 -8 -8 -8 -8 -8 -8 -6 -6 -6 -6 -5 -5 -5 -5 -5 -4 -4 -4 -4 -4 -4 -3 -2 -2 -1 ------- Run | Yrd Mat Mat Mat Gar Mat Sto Gar Rec Fac Low Low Dat Pro Fac Upp Upp War Pro Fac Ext Cet Arc Hub Res Res Qua Acc Slots Evolved 18 | . . 2 2 . . . . . 4 . . . . 2 . . . . 2 . . . . 2 2 . 2 Power 1 | . . . . . . . . . . . . . . . . . . . . . . . . . 1 . . Propulsion 3 | . . 1 . . . . . . 1 . . . . . . . . . 1 . . . . . . . . Utility 11 | . . 1 1 . . . . . 2 . . . . 2 . . . . 1 . . . . 1 1 . 2 Weapon 3 | . . . 1 . . . . . 1 . . . . . . . . . . . . . . 1 . . . Parts Attached 282 | 7 14 27 13 9 30 7 1 6 32 8 . . 1 7 2 2 11 . 6 13 1 . 5 12 28 13 27 Power 33 | 1 2 4 . . 2 2 . . 1 . . . . . . . 1 . 1 2 . . . 1 4 4 8 Engine 11 | 1 2 4 . . 2 1 . . 1 . . . . . . . . . . . . . . . . . . Core 2 | . . . . . . 1 . . . . . . . . . . . . . 1 . . . . . . . Reactor 20 | . . . . . . . . . . . . . . . . . 1 . 1 1 . . . 1 4 4 8 Propulsion 81 | 2 4 12 3 4 7 1 . 3 8 1 . . . . . . 4 . 2 3 . . . 3 14 3 7 Treads 31 | 2 . 7 3 4 7 1 . 3 4 . . . . . . . . . . . . . . . . . . Leg 50 | . 4 5 . . . . . . 4 1 . . . . . . 4 . 2 3 . . . 3 14 3 7 Wheel . | . . . . . . . . . . . . . . . . . . . . . . . . . . . . Hover . | . . . . . . . . . . . . . . . . . . . . . . . . . . . . Flight . | . . . . . . . . . . . . . . . . . . . . . . . . . . . . Utility 82 | 2 2 5 4 2 9 2 1 2 11 4 . . . 6 . 1 4 . 3 3 1 . 2 4 6 5 3 Device 37 | 1 1 4 2 1 3 2 1 1 6 2 . . . 2 . 1 3 . 2 . . . . 1 2 1 1 Storage 6 | 1 1 . . . 2 . . . . . . . . 2 . . . . . . . . . . . . . Processor 12 | . . . . . . . . . 1 1 . . . 1 . . 1 . 1 1 . . . 1 2 2 1 Hackware 3 | . . . . . 1 . . . . . . . . . . . . . . . . . . 1 . 1 . Protection 23 | . . 1 2 1 3 . . 1 4 1 . . . 1 . . . . . 2 1 . 2 1 2 . 1 Artifact 1 | . . . . . . . . . . . . . . . . . . . . . . . . . . 1 . Weapon 86 | 2 6 6 6 3 12 2 . 1 12 3 . . 1 1 2 1 2 . . 5 . . 3 4 4 1 9 Energy Gun 13 | 1 2 1 4 . 2 . . . . . . . . . . . . . . . . . . . . . 3 Energy Cannon 16 | . 2 4 1 3 2 . . . 2 . . . . . . . . . . . . . . . . 1 1 Ballistic Gun 39 | 1 1 . 1 . 5 2 . 1 8 1 . . . 1 . 1 1 . . 2 . . 3 4 4 . 3 Ballistic Cannon 3 | . . . . . . . . . . . . . . . 1 . . . . 2 . . . . . . . Launcher 5 | . . . . . 1 . . . 1 . . . . . . . 1 . . . . . . . . . 2 Special Weapon 1 | . . . . . . . . . . . . . . . . . . . . 1 . . . . . . . Impact Weapon 5 | . 1 1 . . 2 . . . 1 . . . . . . . . . . . . . . . . . . Slashing Weapon 4 | . . . . . . . . . . 2 . . 1 . 1 . . . . . . . . . . . . Piercing Weapon . | . . . . . . . . . . . . . . . . . . . . . . . . . . . . Special Melee Weapon . | . . . . . . . . . . . . . . . . . . . . . . . . . . . . Unidentified Prototypes 26 | . . 4 2 . 2 1 . . 2 . . . . 1 . . 6 . 1 1 1 . . . 3 1 1 Corrupted Parts 1 | . . . . . . . . . . . . . . . . . . . . . . . 1 . . . . System Corruption 9 | . . . . . . . . . . . . . . . . . . . . . . . 9 . . . . Parts Lost 88 | . 4 5 . 9 9 1 1 3 9 1 . . . . . . 1 . . . . . . 1 1 1 42 Power 13 | . 1 1 . 1 . 1 . . . . . . . . . . . . . . . . . . . . 9 Propulsion 22 | . 2 1 . 3 3 . 1 1 1 . . . . . . . 1 . . . . . . 1 . . 8 Utility 24 | . . 2 . 2 2 . . 1 4 1 . . . . . . . . . . . . . . 1 1 10 Weapon 29 | . 1 1 . 3 4 . . 1 4 . . . . . . . . . . . . . . . . . 15 Highest Loss Streak 19 | . 3 4 . 7 3 1 1 3 3 1 . . . . . . 1 . . . . . . 1 1 1 19 To Critical Strikes 4 | . . 1 . 1 . . . . . . . . . . . . . . . . . . . . . . 2 Average Backups 13 | 4 11 14 14 12 14 14 14 13 14 14 15 15 15 14 15 15 14 14 14 14 15 15 14 14 13 13 10 Power . | . . 1 1 . 1 . 1 1 1 1 1 1 1 1 1 1 1 1 . 1 1 1 1 1 1 1 . Propulsion 2 | 2 3 4 3 3 2 2 1 . 1 3 3 3 3 3 3 3 2 2 1 1 2 2 2 2 1 2 2 Utility 5 | . 1 2 5 5 6 8 8 9 7 4 5 5 5 4 6 6 6 7 6 6 7 7 6 5 5 5 3 Weapon 4 | 1 4 6 4 2 3 3 3 2 4 5 5 5 5 4 4 4 3 3 4 4 4 4 4 3 4 4 2 Tool/Special . | . . . . . . . . . . . . . . . . . . . . . . . . . . . . Unused Backups 57 | . 7 9 3 1 9 . 1 1 13 . . . . 1 . . . . 2 2 . . . 1 3 1 3 Power 6 | . . 1 . . 1 . . . 1 . . . . . . . . . . 1 . . . . 1 . 1 Propulsion 10 | . 3 2 . . 3 . . . 1 . . . . . . . . . . . . . . . 1 . . Utility 16 | . . . 1 1 3 . . 1 7 . . . . 1 . . . . 1 1 . . . . . . . Weapon 23 | . 4 6 2 . 2 . 1 . 4 . . . . . . . . . 1 . . . . 1 1 . 1 Tool/Special 2 | . . . . . . . . . . . . . . . . . . . . . . . . . . 1 1 Average Slot Usage (%) 96 | . 99 98 99 99 95 89 89 94 99 99 100 83 100 99 100 100 100 100 99 100 100 100 95 94 93 93 83 Engine 5 | . 13 10 9 9 9 2 9 9 6 6 6 6 6 5 5 5 3 . . . . . . . . . . Reactor 1 | . . . . . . . . . . . . . . . . . 1 5 5 5 5 5 5 4 7 8 7 Treads 13 | . 9 22 27 26 26 27 26 27 25 . . . . . . . . . . . . . . . . . . Leg 12 | . 18 10 . . . . . . . 26 26 26 26 23 23 23 23 23 26 26 26 26 25 22 20 19 17 Device 12 | . 13 19 17 17 13 9 9 12 13 13 13 13 13 15 11 11 11 11 14 9 5 5 9 10 9 8 8 Storage 7 | . 14 11 9 9 9 9 9 9 6 6 6 6 6 5 5 5 5 5 5 5 5 5 5 4 4 4 4 Processor 8 | . . . . . . . . . 5 11 13 13 13 17 17 17 17 17 15 16 21 21 16 14 15 19 22 Protection 8 | . . 1 9 9 8 8 9 9 12 6 6 6 6 6 11 11 11 11 10 13 15 15 11 9 7 6 . Energy Gun 2 | . 8 . 11 17 4 . . . . . . . . . . . . . . . . . . . . . . Energy Cannon 4 | . 7 19 14 9 16 . . . . . . . . . . . . . . . . . . . . 1 . Ballistic Gun 14 | . 8 . . . 3 24 25 21 21 22 20 3 20 18 17 17 19 23 18 13 19 21 19 22 20 19 14 Impact Weapon 1 | . 3 2 . . 2 2 1 5 4 2 . . . . . . . . . . . . . . . . . Peak Build Rating 211 | 7 9 19 29 33 39 37 37 36 64 70 70 70 71 82 82 82 100 98 115 121 128 124 127 150 176 198 211 Average Rating 73 | 4 7 14 24 29 34 33 36 33 51 67 70 56 70 79 81 80 83 98 106 119 123 124 120 138 167 181 179 On Entrance 75 | . 7 8 19 27 33 33 37 36 32 61 70 70 70 71 78 80 80 99 98 108 120 124 124 126 120 176 197 Naked Turns 6 | . . . . . . . . . . . . . . . . . . . . . . . . . . . 6 Heaviest Build 132 | 12 32 41 50 56 62 63 63 63 79 70 63 62 62 71 68 72 77 69 77 94 92 75 79 91 112 132 131 Greatest Support 150 | 40 40 60 60 62 62 62 62 65 90 80 80 80 80 80 80 80 90 90 110 130 130 130 130 130 146 150 150 Greatest Overweight (x) 1 | . 1 1 . 1 1 1 1 1 1 . . . . . . . . . . . . . . 1 1 . 1 Average Overweight (x) . | . . . . . . . . . . . . . . . . . . . . . . . . . . . . Largest Inventory Capacity 15 | 8 15 15 15 15 15 15 15 15 15 15 15 15 15 15 15 15 15 15 15 15 15 15 15 15 15 15 15 Average Capacity 14 | 7 12 15 15 15 15 15 15 15 15 15 15 15 15 15 15 15 15 15 15 15 15 15 15 15 15 15 14 Most Carried 15 | 8 15 15 15 15 15 15 15 15 15 15 15 15 15 15 15 15 15 14 15 15 15 15 15 15 15 15 15 Average Carried 14 | 4 11 14 14 12 14 14 14 13 14 14 14 15 15 14 15 15 14 14 14 14 14 15 14 14 14 14 11 Final Capacity 15 | 8 15 15 15 15 15 15 15 15 15 15 15 15 15 15 15 15 15 15 15 15 15 15 15 15 15 15 5 Final Carried 15 | 6 15 15 15 8 15 15 14 14 15 15 15 15 15 15 15 15 14 14 15 15 15 15 15 14 15 15 5 Class Distribution -------------------- 32% | Tank 19% | Scavenger-Tank 17% | Scavenger-Gunner 11% | Mutant 9% | Scavenger-Mutant 6% | Gunner Dominant Class ---------------- Mutant | -10/Materials Scavenger-Mutant | -9/Materials Scavenger-Tank | -8/Materials Scavenger-Tank | -8/Garrison Tank | -8/Materials Tank | -8/Storage Gunner | -8/Garrison Mutant | -8/Recycling Scavenger-Tank | -6/Factory Tank | -6/Lower Caves Tank | -6/Lower Caves Mutant | -6/Data Miner Tank | -5/Proximity Caves Tank | -5/Factory Tank | -5/Upper Caves Tank | -5/Upper Caves Tank | -5/Warlord Tank | -4/Proximity Caves Tank | -4/Factory Commander-Tank | -4/Extension Scavenger-Tank | -4/Cetus Commander-Tank | -4/Archives Scavenger-Tank | -4/Hub_04(d) Scavenger-Gunner | -3/Research Scavenger-Gunner | -2/Research Scavenger-Gunner | -2/Quarantine Scavenger-Gunner | -1/Access Resources | -11 -10 -9 -8 -8 -8 -8 -8 -8 -6 -6 -6 -6 -5 -5 -5 -5 -5 -4 -4 -4 -4 -4 -4 -3 -2 -2 -1 ----------- Run | Yrd Mat Mat Mat Gar Mat Sto Gar Rec Fac Low Low Dat Pro Fac Upp Upp War Pro Fac Ext Cet Arc Hub Res Res Qua Acc Matter Collected 16887 | 282 398 513 242 135 975 835 494 294 1647 715 92 . 113 407 106 167 616 . 463 1079 15 . 1020 700 1421 1318 2840 Remotely 89 | . . . . . . . . . 89 . . . . . . . . . . . . . . . . . . Salvage Created 24419 | 100 617 1045 1101 964 2486 1258 619 656 2289 535 102 . . 207 . 81 843 . 645 1592 210 . 1145 665 1112 1977 4170 Parts 1103 | 4 43 73 51 41 124 74 39 25 77 14 11 . . 6 . 5 28 . 33 65 7 . 43 27 43 111 159 Haulers Intercepted 26 | . 1 4 4 . 5 1 . . 5 . . . . . . . . . . . . . 1 2 3 . . Recyclers Shooed 18 | . 1 . . . . 1 . 3 5 . . . . . . . . . 3 . . . 2 . . 1 2 Parts Field Recycled . | . . . . . . . . . . . . . . . . . . . . . . . . . . . . Retrieved Matter . | . . . . . . . . . . . . . . . . . . . . . . . . . . . . Parts Self-Destructed 21 | . . . . . . . . . . 2 11 . . . 3 5 . . . . . . . . . . . Prevented 2 | . . . . . . . . . . . . . . . 2 . . . . . . . . . . . . Kills | -11 -10 -9 -8 -8 -8 -8 -8 -8 -6 -6 -6 -6 -5 -5 -5 -5 -5 -4 -4 -4 -4 -4 -4 -3 -2 -2 -1 ------- Run | Yrd Mat Mat Mat Gar Mat Sto Gar Rec Fac Low Low Dat Pro Fac Upp Upp War Pro Fac Ext Cet Arc Hub Res Res Qua Acc Combat Hostiles Destroyed 365 | . 19 20 14 24 45 28 21 3 25 13 4 . . 3 . 1 14 . 4 19 2 . 7 5 8 23 63 Melee 4 | . 2 . . . 1 . . . 1 . . . . . . . . . . . . . . . . . . Guns 222 | . 9 . 6 14 7 27 20 3 24 6 4 . . 3 . 1 2 . 4 9 . . 7 5 8 23 40 Cannons 86 | . 7 20 8 8 29 . . . . . . . . . . . . . . 10 2 . . . . . 2 AOE 44 | . . . . . 3 . 1 . . 7 . . . . . . 12 . . . . . . . . . 21 Classes Destroyed 24 | 2 4 2 3 1 4 1 . 1 . 2 . . . . . . 1 . . . . . . . 1 1 1 Worker 18 | . . . 2 . 1 . . . 1 . . . . . . . . . . . . . 3 2 . 3 6 Builder 15 | . . . 1 . 2 . . . 1 . . . . . . . . . . . . . . 1 . 6 4 Tunneler 6 | 1 1 . 1 . 1 . . . 1 . . . . . . . . . . . . . . . . . 1 Hauler 26 | . 1 4 4 . 5 1 . . 5 . . . . . . . . . . . . . 1 2 3 . . Recycler 29 | 1 . 1 1 . 1 2 . 6 5 . . . . . . . . . 3 2 . . 4 . . . 3 Mechanic 2 | . . . . . 1 . . . . . . . . . . . . . . . . . . . . . 1 Operator 2 | . . . . . . 1 . . 1 . . . . . . . . . . . . . . . . . . Watcher 16 | . 1 4 2 . 2 1 . . 1 . . . . . . . . . 1 . 1 . . . . 2 1 Swarmer 61 | . 9 6 . 7 4 4 8 . 6 7 4 . . . . . . . . 2 . . . . . . 4 Saboteur 1 | . . . . . . . . . . . . . . . . . . . . . . . . . . . 1 Grunt 144 | . 10 8 8 10 27 11 8 1 6 . . . . 2 . . 8 . . 11 . . 2 . 6 6 20 Brawler 6 | . . 1 . . 1 . . . . . . . . 1 . . 2 . . . . . . . . . 1 Duelist 8 | . . . . . 1 . 1 . . . . . . . . . 2 . . 1 . . . . . 1 2 Protector 3 | . . . . . . . . 1 . . . . . . . . 1 . . . . . . . . . 1 Researcher 1 | . . . . . . . . . . . . . . . . . . . . . . . . . . 1 . Sentry 50 | . . 5 3 3 9 13 1 2 4 . . . . . . 1 . . . 3 . . 2 1 . . 3 Demolisher 1 | . . . . . . . . . . . . . . . . . 1 . . . . . . . . . . Specialist 3 | . . . . . 1 . . . . . . . . . . . . . . . . . . . . . 2 Hunter 24 | . . . 3 3 1 . . . 2 . . . . . . . . . . . . . . 2 . 5 8 Programmer 54 | . . . . 1 . . 3 1 7 . . . . . . . . . 4 1 . . 3 2 . 11 21 Heavy 1 | . . . . . 1 . . . . . . . . . . . . . . . . . . . . . . Behemoth 2 | . . . . . . . . . . . . . . . . . . . . . . . . . 2 . . Cetus Guard 2 | . . . . . . . . . . . . . . . . . . . . . 2 . . . . . . Decomposer 2 | . . . . . . . . . . 2 . . . . . . . . . . . . . . . . . Packrat 3 | . . . . . . . . . . 3 . . . . . . . . . . . . . . . . . Thief 2 | . . . . . . . . . . 2 . . . . . . . . . . . . . . . . . Thug 4 | . . . . . . . . . . 1 . . . . . . 1 . . 1 1 . . . . . . Savage 2 | . . . . . . . . . . . . . . . . . 2 . . . . . . . . . . Butcher 1 | . . . . . . . . . . . . . . . . . . . . 1 . . . . . . . Guerrilla 1 | . . . . . . . . . . . . . . . . . . . . 1 . . . . . . . Fireman 3 | . . . . . . . . . . 3 . . . . . . . . . . . . . . . . . Best Kill Streak 18 | 2 5 5 5 6 5 5 14 4 4 4 3 . . 3 . 1 12 . 2 6 3 . 3 6 6 8 18 Combat Bots Only 15 | . 5 4 5 6 5 5 14 2 4 4 3 . . 3 . 1 12 . 2 5 2 . 2 4 6 6 15 Max Kills in Single Turn 7 | 1 2 1 2 1 2 3 3 2 2 2 1 . . 1 . 1 7 . 2 3 2 . 2 2 2 3 4 Gunslinging 1 | . . . 1 . . 1 1 . 1 1 . . . . . . . . 1 . . . . . . 1 1 Exploded 5 | . . . . . 2 . 1 . . 2 . . . . . . 5 . . . . . . . . . 4 Melee 1 | . 1 . . . 1 . . . 1 . . . . . . . . . . . . . . . . . . Uniques/NPCs Destroyed . | . . . . . . . . . . . . . . . . . . . . . . . . . . . . Combat | -11 -10 -9 -8 -8 -8 -8 -8 -8 -6 -6 -6 -6 -5 -5 -5 -5 -5 -4 -4 -4 -4 -4 -4 -3 -2 -2 -1 -------- Run | Yrd Mat Mat Mat Gar Mat Sto Gar Rec Fac Low Low Dat Pro Fac Upp Upp War Pro Fac Ext Cet Arc Hub Res Res Qua Acc Hostile Shots Fired 2104 | . 111 70 37 171 207 75 82 30 201 30 6 . . 6 . 8 77 . 14 45 . . 37 72 44 206 575 Missed 636 | . 27 11 13 45 57 19 11 9 55 8 4 . . 2 . 5 35 . 8 12 . . 15 32 14 86 168 Deflected 7 | . . . . . . . . . . . . . . . . . . . . . . . . . . 2 5 Hits 1468 | . 84 59 24 126 150 56 71 21 146 22 2 . . 4 . 3 42 . 6 33 . . 22 40 30 120 407 Melee 13 | . . 4 . . 2 . 1 . . 2 . . . . . . 1 . . . . . . 1 . . 2 Projectile 1455 | . 84 55 24 126 148 56 70 21 146 20 2 . . 4 . 3 41 . 6 33 . . 22 39 30 120 405 AOE 6 | . . . . . . . . . . . . . . . . . 6 . . . . . . . . . . Critical Strikes 65 | . 3 2 . 2 6 3 1 . 3 . . . . . . . 4 . 1 3 . . . 4 . 11 22 Part Disruptions 8 | . . . . 1 . . . 1 . . . . . . . . . . 1 . . . . 2 . 1 2 Actively Blocked 4 | . . . . . . . . . . . . . . . . . . . 1 . . . . . . 1 2 Damage Taken 27100 | . 893 757 345 1753 2533 813 991 307 1840 299 22 . . 51 . 66 1056 . 99 730 . 507 449 1013 804 2273 9499 Core 3197 | . 155 98 37 197 130 35 56 15 77 24 . . . 13 . . 185 . . 59 . . 24 69 58 363 1602 Absorbed by Shields 559 | . . . . . . . . 19 24 99 8 . . 18 . 14 232 . 24 121 . . . . . . . Redirected to Core 872 | . . . . . . . . . . . . . . . . . . . . . . . . . . 317 555 Ignored by Resistances 913 | . . . . . . . . . 331 . . . . . . . . . . . . . . . . 341 241 Regen/Repaired (Parts) 1150 | . 52 . . . 119 570 . . . . . . . . . . . . . . . . . . 409 . . Core Remaining (%) 72 | 100 38 75 . . . . . 14 . . . . 88 . . . . 80 . . . . 92 94 . 70 . Volleys Fired 867 | 4 51 62 37 66 112 46 31 15 71 15 6 . 5 7 . 3 19 . 16 52 7 2 27 13 23 55 122 Largest 5 | 2 2 2 3 3 3 3 3 3 4 4 3 . 3 4 . 4 4 . 4 4 2 1 4 5 5 5 5 Hottest 298 | 60 120 136 196 183 204 75 75 75 112 112 84 . 84 112 . 112 122 . 122 127 112 38 132 175 181 266 298 Shots Fired 2666 | 8 100 117 110 192 326 137 89 46 226 38 18 . 16 28 . 12 51 . 57 137 13 2 94 65 115 231 438 Gun 2033 | 8 80 . 50 145 86 137 88 46 218 32 18 . 16 28 . 12 43 . 57 72 1 2 94 65 115 221 399 Cannon 583 | . 20 117 60 47 238 . . . 6 . . . . . . . . . . 64 12 . . . . 10 9 Launcher 49 | . . . . . 2 . 1 . 2 6 . . . . . . 8 . . . . . . . . . 30 Special 1 | . . . . . . . . . . . . . . . . . . . . 1 . . . . . . . Kinetic 1783 | 4 39 . . . 30 137 88 46 218 32 18 . 16 28 . 12 43 . 57 136 13 2 94 65 115 221 369 Thermal 828 | 4 61 117 110 192 294 . . . 6 . . . . . . . . . . . . . . . . 10 34 Explosive 47 | . . . . . 2 . 1 . . 6 . . . . . . 8 . . . . . . . . . 30 Electromagnetic 7 | . . . . . . . . . 2 . . . . . . . . . . . . . . . . . 5 Robot Hit Streak 47 | 2 6 9 12 21 21 17 6 5 24 27 29 . . 47 . 16 29 . 38 17 7 5 13 7 9 12 12 Robot Miss Streak 7 | 2 3 3 2 5 3 6 7 7 4 2 . . . 1 . 1 1 . 4 3 2 1 2 2 4 5 5 Penetration Max 2 | . . . . . . . . . 1 . . . . . . . . . 1 2 1 1 1 2 1 2 2 Secondary Targets 57 | . 4 . 1 3 . 4 8 1 3 1 . . . 1 . . 2 . 1 3 . . 1 2 1 10 11 Max Gunslinging Chain 2 | . 1 . 1 1 . 2 1 1 1 1 . . . 1 . . 1 . 1 1 . . 1 1 1 2 1 Shots Hit Robots 1658 | 4 68 66 69 84 215 99 60 21 186 35 9 . . 27 . 11 46 . 38 93 8 1 66 45 63 117 227 Core Hits 886 | 3 29 33 35 37 82 57 34 16 76 24 5 . . 13 . 4 48 . 17 43 5 2 32 24 28 64 175 Critical Kills 70 | . 1 . . . 1 2 . . 1 . . . . . . . . . . 16 4 . 4 1 4 12 24 Critical Parts Destroyed 97 | . 1 . . . 3 4 . . 6 . . . . 1 . . . . . 12 5 . 6 7 6 22 24 Critical Strikes 196 | . 3 . 4 7 8 6 . . 8 . . . . 1 . . . . . 36 10 . 11 8 11 34 49 Burn 16 | . 1 . 4 7 4 . . . . . . . . . . . . . . . . . . . . . . Meltdown 1 | . . . . . 1 . . . . . . . . . . . . . . . . . . . . . . Destroy 170 | . . . . . 1 4 . . 5 . . . . 1 . . . . . 36 10 . 11 8 11 34 49 Smash 9 | . 2 . . . 2 2 . . 3 . . . . . . . . . . . . . . . . . . Melee Attacks 187 | . 16 7 4 4 30 14 6 5 42 11 5 . 10 6 . 6 4 . 6 . . . 8 3 . . . Impact 135 | . 16 7 4 4 30 14 6 5 42 7 . . . . . . . . . . . . . . . . . Slashing 52 | . . . . . . . . . . 4 5 . 10 6 . 6 4 . 6 . . . 8 3 . . . Piercing . | . . . . . . . . . . . . . . . . . . . . . . . . . . . . Sneak Attacks 23 | . . 3 . . 1 2 . 1 8 5 . . . . . . . . 1 . . . 1 1 . . . Combat Hostiles . | . . . . . . . . . . . . . . . . . . . . . . . . . . . . Follow-up Attacks . | . . . . . . . . . . . . . . . . . . . . . . . . . . . . Damage Inflicted 52675 | 45 1030 1533 1524 1866 5808 2254 1558 553 4771 1662 189 . . 514 . 208 2982 . 960 2056 225 53 1977 1262 2131 4046 13468 Guns 32130 | 44 561 . 640 1417 1197 1997 1430 491 3720 566 189 . . 514 . 208 818 . 847 1213 . 53 1766 1192 2118 4018 7131 Cannons 7861 | . 258 1253 875 449 3875 . . . . . . . . . . . . . . 843 225 . . . . . 83 Explosions 9549 | . . . . . 446 . 128 . 27 663 . . . . . . 2164 . . . . . . . . . 6121 Melee 2896 | . 208 280 . . 240 257 . 62 1024 433 . . . . . . . . 111 . . . 211 70 . . . Ramming 239 | 1 3 . 9 . 50 . . . . . . . . . . . . . 2 . . . . . 13 28 133 Kinetic 29457 | 34 275 . . . 419 1997 1430 491 3720 566 189 . . 514 . 208 818 . 847 2056 225 53 1766 1192 2118 4018 6521 Thermal 10450 | 10 544 1253 1515 1866 4653 . . . . . . . . . . . . . . . . . . . . . 609 Explosive 9522 | . . . . . 446 . 128 . . 663 . . . . . . 2164 . . . . . . . . . 6121 Electromagnetic 111 | . . . . . . . . . 27 . . . . . . . . . . . . . . . . . 84 Impact 2504 | . 208 280 . . 240 257 . 62 1024 433 . . . . . . . . . . . . . . . . . Slashing 392 | . . . . . . . . . . . . . . . . . . . 111 . . . 211 70 . . . Piercing . | . . . . . . . . . . . . . . . . . . . . . . . . . . . . Highest Corruption 14 | . . 14 . . 1 3 4 5 9 2 2 2 2 . . . . . . . . . 9 1 . 3 4 Average Corruption 3 | . . 13 . . 1 1 3 4 6 2 2 2 2 . . . . . . . . . 9 1 . 2 2 Corruption Purged 7 | . . . . . . . . . 7 . . . . . . . . . . . . . . . . . . Corruption Blocked . | . . . . . . . . . . . . . . . . . . . . . . . . . . . . Effects 245 | . . 50 . . 22 11 24 17 81 9 6 . 9 . . . . . . . . . . . . 13 3 Message Errors 54 | . . 10 . . 6 1 5 3 20 1 3 . 3 . . . . . . . . . . . . 1 1 Matter Fused 67 | . . 12 . . 8 3 5 5 24 6 . . 1 . . . . . . . . . . . . 3 . Heat Flow Errors 26 | . . 9 . . . 2 1 2 6 . . . 2 . . . . . . . . . . . . 3 1 Energy Discharges 31 | . . 5 . . 4 2 8 1 6 2 1 . . . . . . . . . . . . . . 2 . Parts Rejected 3 | . . . . . . . . 1 2 . . . . . . . . . . . . . . . . . . Parts Fused 2 | . . . . . . . . . 2 . . . . . . . . . . . . . . . . . . Data Loss (minor) 25 | . . 3 . . 1 1 1 3 9 . 2 . 1 . . . . . . . . . . . . 3 1 Data Loss (major) 11 | . . 2 . . . 1 . 1 6 . . . . . . . . . . . . . . . . 1 . Misfires 10 | . . 2 . . 1 . 1 1 4 . . . 1 . . . . . . . . . . . . . . Alerts 5 | . . 1 . . . . 2 . 1 . . . 1 . . . . . . . . . . . . . . Misdirections 3 | . . 3 . . . . . . . . . . . . . . . . . . . . . . . . . Weapon Failures 8 | . . 3 . . 2 1 1 . 1 . . . . . . . . . . . . . . . . . . Overload Shots . | . . . . . . . . . . . . . . . . . . . . . . . . . . . . Overflow Damage 1812 | . 33 87 4 . 204 177 . . 468 326 . . . . . . 71 . 44 . . . 43 . . . 355 Projectiles 17 | . . . 4 . 13 . . . . . . . . . . . . . . . . . . . . . . Explosions 419 | . . . . . 34 . . . . . . . . . . . 71 . . . . . . . . . 314 Melee 1376 | . 33 87 . . 157 177 . . 468 326 . . . . . . . . 44 . . . 43 . . . 41 Knockbacks 9 | . 1 . . . 1 . . . 3 . . . . . . . . . . 1 1 . . . . 1 1 Impact 7 | . 1 . . . 1 . . . 3 . . . . . . . . . . . . . . . . 1 1 Kinetic 2 | . . . . . . . . . . . . . . . . . . . . 1 1 . . . . . . Secondary . | . . . . . . . . . . . . . . . . . . . . . . . . . . . . Self-Inflicted Damage 910 | . 3 . . . . . 19 . 163 130 . . . . . . 17 . . . . . . . . . 578 Shots 21 | . . . . . . . 1 . 3 3 . . . . . . 1 . . . . . . . . . 13 Rammed 6 | 1 . . 1 . 3 . . . . . . . . . . . . . . . . . . . . . 1 Targets Rammed 21 | 1 . . 2 . 6 . . . . . . . . . . . . . 1 . . . . . 1 2 8 Kicked 11 | . . . . . . . . . . . . . . . . . . . 1 . . . . . 1 2 7 Crushed 4 | . . . 1 . 3 . . . . . . . . . . . . . . . . . . . . . . Highest Temperature 512 | . 240 333 252 103 512 296 335 243 250 288 24 . 211 114 . 113 150 . 160 357 225 . 296 262 138 207 381 Average Temperature 83 | . 61 69 68 25 103 83 157 91 60 118 11 . 66 43 . 56 51 . 50 107 100 . 87 104 43 88 84 Received Heat Transfer 4471 | . 288 228 63 468 1080 378 333 33 246 150 . . . . . . 181 . . 132 . . 30 42 162 63 594 Effects 18 | . . . . . 7 3 1 . . . . . . . . . . . . 2 . . 5 . . . . Shutdowns 2 | . . . . . 2 . . . . . . . . . . . . . . . . . . . . . . Energy Bleed 6 | . . . . . 1 2 1 . . . . . . . . . . . . 2 . . . . . . . Interference 6 | . . . . . . 1 . . . . . . . . . . . . . . . . 5 . . . . Matter Decay 1 | . . . . . 1 . . . . . . . . . . . . . . . . . . . . . . Damage (minor) 1 | . . . . . 1 . . . . . . . . . . . . . . . . . . . . . . Damage (major) 2 | . . . . . 2 . . . . . . . . . . . . . . . . . . . . . . Siege Activations . | . . . . . . . . . . . . . . . . . . . . . . . . . . . . Martial Activations . | . . . . . . . . . . . . . . . . . . . . . . . . . . . . Shielding Activations 7 | . . . . . . . . . . . . . . . . . . . . . . . . . . 2 5 Total Turns 132 | . . . . . . . . . . . . . . . . . . . . . . . . . . 30 102 Longest Duration 50 | . . . . . . . . . . . . . . . . . . . . . . . . . . 19 50 Robots Disrupted . | . . . . . . . . . . . . . . . . . . . . . . . . . . . . Combat Hostiles . | . . . . . . . . . . . . . . . . . . . . . . . . . . . . Robots Corrupted 11 | . 1 1 . . 1 1 . . 6 1 . . . . . . . . . . . . . . . . . Combat Hostiles 2 | . 1 . . . . 1 . . . . . . . . . . . . . . . . . . . . . Parts Fried 17 | . 1 . . . 1 5 . . 8 1 . . . . . . . . . 1 . . . . . . . Impact Corruptions 35 | . 1 2 . . 6 3 . . 11 10 . . . . . . . . . . . . . . . . 2 Robots Melted 7 | . . . . 2 5 . . . . . . . . . . . . . . . . . . . . . . Combat Hostiles 7 | . . . . 2 5 . . . . . . . . . . . . . . . . . . . . . . Parts Melted 42 | . 1 8 9 5 17 . . . . . . . . . . . . . . 1 . . . . . . 1 Heat Transferred 18630 | 25 1252 2479 2923 3626 7659 . . . . . . . . . . . . . . . . . . . . . 666 Parts Sabotaged 2 | . . . . . . . . . . . . . . . . . . . . . . . . 2 . . . Parts Stolen 1 | . . . . . . . . . . 1 . . . . . . . . . . . . . . . . . Parts Stripped . | . . . . . . . . . . . . . . . . . . . . . . . . . . . . Power Chain Reactions . | . . . . . . . . . . . . . . . . . . . . . . . . . . . . Alert | -11 -10 -9 -8 -8 -8 -8 -8 -8 -6 -6 -6 -6 -5 -5 -5 -5 -5 -4 -4 -4 -4 -4 -4 -3 -2 -2 -1 ------- Run | Yrd Mat Mat Mat Gar Mat Sto Gar Rec Fac Low Low Dat Pro Fac Upp Upp War Pro Fac Ext Cet Arc Hub Res Res Qua Acc Maximum Alert Level 5 | . . . 1 3 3 3 3 2 1 . . . . . . . . . . 4 3 2 1 . . 2 5 Low Security (%) 54 | 100 100 100 94 8 . . . 80 85 . . . . 100 . . . . 100 73 . . 88 100 100 44 . Level 1 12 | . . . 5 27 21 20 . 14 14 . . . . . . . . . . 5 . 75 11 . . 47 6 Level 2 16 | . . . . 46 34 69 39 4 . . . . . . . . . . . 12 35 24 . . . 7 28 Level 3 13 | . . . . 17 44 9 60 . . . . . . . . . . . . . 64 . . . . . 24 Level 4 1 | . . . . . . . . . . . . . . . . . . . . 7 . . . . . . 21 Level 5 1 | . . . . . . . . . . . . . . . . . . . . . . . . . . . 19 High Security . | . . . . . . . . . . . . . . . . . . . . . . . . . . . . Max Security . | . . . . . . . . . . . . . . . . . . . . . . . . . . . . Peak Influence 1853 | 5 115 112 223 862 912 804 1004 451 224 . . . . 60 . . . . 52 1143 790 432 253 123 140 449 1853 Initial 628 | . . 13 31 141 419 381 514 451 50 . . . . . . . . . . 16 628 265 147 123 42 . 266 Average 318 | . 40 39 114 517 600 471 793 64 136 . . . . 7 . . . . 8 227 718 297 141 74 29 215 988 Influence Increases 13731 | 10 576 638 516 811 1457 861 500 125 1017 160 90 . . 82 . 20 295 . 184 1727 196 307 368 169 242 913 2467 Destroy 0b10 Robot/C 7740 | . 380 400 280 480 900 560 420 80 500 140 80 . . 60 . 20 260 . 80 800 80 100 140 100 160 480 1240 Destroy 0b10 Robot/NC 595 | 10 15 45 55 . 65 25 . 30 75 . . . . . . . 5 . 20 25 5 . 40 25 15 55 85 Destroy Leader 1586 | . 84 116 102 30 264 174 30 . 172 20 10 . . 10 . . . . 22 84 . . 42 34 46 84 262 Allied During Kill 901 | . . . . . . . . 4 3 . . . . . . . . . . 709 85 100 . . . . . Successful Hack 223 | . 15 9 11 . 2 14 14 6 28 . . . . . . . . . 12 9 9 . . . . 84 10 Select Force Hacks 110 | . 60 . . . . . . . . . . . . . . . . . . . . . 50 . . . . Disable Machine 600 | . . 30 15 30 45 30 15 . 105 . . . . . . . . . 30 30 15 15 30 . 15 90 105 Anti-Garrison Action 100 | . . . . 100 . . . . . . . . . . . . . . . . . . . . . . . Destroy Structure 1016 | . 7 8 8 36 76 13 21 5 39 . . . . 12 . . . . 20 40 2 2 36 10 6 105 570 Advance Influence 50 | . . . . . . . . . 50 . . . . . . . . . . . . . . . . . . Partial Spotted 90 | . . . . . . 30 . . . . . . . . . . . . . 15 . . 15 . . . 30 Lose Combat Pursuer 720 | . 15 30 45 135 105 15 . . 45 . . . . . . . 30 . . 15 . 90 15 . . 15 165 Influence Decreases 11980 | 10 545 593 375 166 1415 973 288 1129 811 366 90 . . 82 . 20 93 202 151 637 655 549 553 330 318 468 1161 Entered New Map 3728 | . . 18 45 76 443 523 278 553 . 77 . . . . . . . 202 . 17 495 399 275 114 34 . 179 Time Decay 6491 | 10 392 490 330 . 732 440 . 230 701 279 90 . . 82 . 20 83 . 151 473 160 50 278 206 274 458 562 Lost Part 837 | . 40 27 . 90 90 10 10 10 90 10 . . . . . . 10 . . . . . . 10 10 10 420 Lost Ally 257 | . . . . . . . . . 20 . . . . . . . . . . 137 . 100 . . . . . Purge Threat 667 | . 113 58 . . 150 . . 336 . . . . . . . . . . . 10 . . . . . . . Squads Dispatched 78 | . 6 2 4 . 10 6 . . 9 . . . . 4 . . . . 2 3 . . 2 1 2 9 18 Investigation 13 | . 5 . 2 . 2 . . . . . . . . . . . . . . . . . 1 . . 2 1 Extermination 19 | . . . . . . . . . 7 . . . . 1 . . . . 2 . . . 1 1 . 3 4 Reinforcement 26 | . 1 2 1 . 6 3 . . 1 . . . . 1 . . . . . 3 . . . . 2 2 4 Assault 9 | . . . . . 2 . . . . . . . . 2 . . . . . . . . . . . 2 3 Garrison 11 | . . . 1 . . 3 . . 1 . . . . . . . . . . . . . . . . . 6 Intercept . | . . . . . . . . . . . . . . . . . . . . . . . . . . . . Searches Triggered . | . . . . . . . . . . . . . . . . . . . . . . . . . . . . Data Miner Redirects 3 | . . . . . . . . . . . . . . . . . . . . . . . 1 . . 2 . Construction Impeded 5 | . . . . . 2 . . . . . . . . . . . . . . . . . . . . 1 2 Haulers Reinforced . | . . . . . . . . . . . . . . . . . . . . . . . . . . . . Active Scanning Responses . | . . . . . . . . . . . . . . . . . . . . . . . . . . . . Cargo Convoy Interrupts 1 | . . . . . . . . . . . . . . . . . . . . . . . . 1 . . . Stealth | -11 -10 -9 -8 -8 -8 -8 -8 -8 -6 -6 -6 -6 -5 -5 -5 -5 -5 -4 -4 -4 -4 -4 -4 -3 -2 -2 -1 --------- Run | Yrd Mat Mat Mat Gar Mat Sto Gar Rec Fac Low Low Dat Pro Fac Upp Upp War Pro Fac Ext Cet Arc Hub Res Res Qua Acc Distress Signals 41 | . . 2 . . 8 3 . . 6 . . . . . . . . . . . . 1 1 . 15 3 2 Communications Jammed . | . . . . . . . . . . . . . . . . . . . . . . . . . . . . Distress Signals . | . . . . . . . . . . . . . . . . . . . . . . . . . . . . Times Spotted 605 | . 25 29 15 31 81 33 21 4 39 13 4 . . 8 . 1 54 . 6 40 4 8 16 21 24 38 90 Peak Tracking Total 18 | . 5 6 4 6 8 5 5 2 4 4 3 . . 2 . 1 18 . 3 9 4 10 4 13 5 8 12 Tactical Retreats 32 | . 1 2 1 7 6 1 . . 2 . . . . . . . 2 . . 1 . 2 1 . . 1 5 Traps | -11 -10 -9 -8 -8 -8 -8 -8 -8 -6 -6 -6 -6 -5 -5 -5 -5 -5 -4 -4 -4 -4 -4 -4 -3 -2 -2 -1 ------- Run | Yrd Mat Mat Mat Gar Mat Sto Gar Rec Fac Low Low Dat Pro Fac Upp Upp War Pro Fac Ext Cet Arc Hub Res Res Qua Acc Traps Triggered 25 | . 3 1 1 1 3 2 1 . 3 . . . . 1 . . . . . 1 . . 5 . . 1 2 Indirectly . | . . . . . . . . . . . . . . . . . . . . . . . . . . . . Trap Hack Attempts . | . . . . . . . . . . . . . . . . . . . . . . . . . . . . Triggered . | . . . . . . . . . . . . . . . . . . . . . . . . . . . . Disarmed . | . . . . . . . . . . . . . . . . . . . . . . . . . . . . Reprogrammed . | . . . . . . . . . . . . . . . . . . . . . . . . . . . . Reused . | . . . . . . . . . . . . . . . . . . . . . . . . . . . . Traps Extracted . | . . . . . . . . . . . . . . . . . . . . . . . . . . . . Installed . | . . . . . . . . . . . . . . . . . . . . . . . . . . . . Triggered . | . . . . . . . . . . . . . . . . . . . . . . . . . . . . Machines | -11 -10 -9 -8 -8 -8 -8 -8 -8 -6 -6 -6 -6 -5 -5 -5 -5 -5 -4 -4 -4 -4 -4 -4 -3 -2 -2 -1 ---------- Run | Yrd Mat Mat Mat Gar Mat Sto Gar Rec Fac Low Low Dat Pro Fac Upp Upp War Pro Fac Ext Cet Arc Hub Res Res Qua Acc Machines Disabled 41 | . . 2 1 2 3 2 1 . 7 . . . . . . . . . 2 3 1 1 2 . 1 6 7 Max in Single Turn 2 | . . 1 1 1 1 1 1 . 2 . . . . . . . . . 1 1 1 . 1 . 1 1 1 Garrison Access 8 | . . . . . . . . . 1 . . . . 1 . . . . 1 . . . . 1 3 1 . Network Hub 1 | . . . . . . . . . . . . . . . . . . . . . . . 1 . . . . Energy Cycler 2 | . . . . . . . . . . . . . . . . . . . . 2 . . . . . . . Machines Repaired . | . . . . . . . . . . . . . . . . . . . . . . . . . . . . Machines Dismantled . | . . . . . . . . . . . . . . . . . . . . . . . . . . . . Machines Sabotaged 1 | . . . . . . . . . . . . . . . . . . . . . . . 1 . . . . Overloaded Fab Kills . | . . . . . . . . . . . . . . . . . . . . . . . . . . . . Hacking | -11 -10 -9 -8 -8 -8 -8 -8 -8 -6 -6 -6 -6 -5 -5 -5 -5 -5 -4 -4 -4 -4 -4 -4 -3 -2 -2 -1 --------- Run | Yrd Mat Mat Mat Gar Mat Sto Gar Rec Fac Low Low Dat Pro Fac Upp Upp War Pro Fac Ext Cet Arc Hub Res Res Qua Acc Machines Accessed 94 | . 9 7 5 3 11 6 2 13 9 . 2 3 . 1 1 . 1 . 5 2 1 1 1 3 2 5 1 Terminals 61 | . 6 7 4 3 9 4 2 6 4 . . . . . . . . . 3 2 1 . 1 2 1 5 1 Fabricators 3 | . . . . . . . . . 1 . . . . 1 . . . . 1 . . . . . . . . Repair Stations 6 | . 1 . . . 2 1 . . 2 . . . . . . . . . . . . . . . . . . Recycling Units 9 | . 2 . . . . . . 7 . . . . . . . . . . . . . . . . . . . Scanalyzers . | . . . . . . . . . . . . . . . . . . . . . . . . . . . . Garrison Access 7 | . . . 1 . . 1 . . 2 . . . . . . . . . 1 . . . . 1 1 . . Total Hacks 269 | . 27 16 15 6 26 15 2 26 16 . 8 25 . 1 1 . 5 . 10 10 3 25 2 5 4 16 5 Successful 151 | . 15 7 7 . 6 6 2 15 6 . 8 25 . . 1 . 5 . 4 6 1 25 1 2 1 6 2 Failed 118 | . 12 9 8 6 20 9 . 11 10 . . . . 1 . . . . 6 4 2 . 1 3 3 10 3 Catastrophic 23 | . 1 1 . 1 4 1 . 4 3 . . . . 1 . . . . . . . . . 1 1 4 1 Database Lockouts . | . . . . . . . . . . . . . . . . . . . . . . . . . . . . Manual 85 | . 16 14 6 . 12 1 . 15 . . . . . . . . 1 . 4 5 1 . 2 . 2 4 2 Terminals 158 | . 21 16 12 6 21 8 2 16 8 . . . . . . . . . 6 10 3 . 2 4 2 16 5 Fabricators 5 | . . . . . . . . . 2 . . . . 1 . . . . 2 . . . . . . . . Repair Stations 18 | . 4 . . . 5 5 . . 4 . . . . . . . . . . . . . . . . . . Recycling Units 12 | . 2 . . . . . . 10 . . . . . . . . . . . . . . . . . . . Scanalyzers . | . . . . . . . . . . . . . . . . . . . . . . . . . . . . Garrison Access 12 | . . . 3 . . 2 . . 2 . . . . . . . . . 2 . . . . 1 2 . . Terminal Hacks 107 | . 3 2 5 . 4 2 2 7 2 . 8 25 . . 1 . 5 . 1 5 1 25 . 1 . 6 2 Record 39 | . . . . . . . . 1 . . 7 6 . . . . . . . . . 25 . . . . . Part Schematic 13 | . . . . . . . . 1 . . . 11 . . . . . . . 1 . . . . . . . Robot Schematic 5 | . . . . . . . . . . . . 5 . . . . . . . . . . . . . . . Robot Analysis 3 | . 1 . 1 . . . . . . . . . . . . . . . . . . . . . . 1 . Prototype ID Bank 11 | . . . . . . 1 . . . . . 3 . . . . 5 . . 1 . . . . . . 1 Open Door 4 | . . . . . . . . . . . 1 . . . 1 . . . 1 . 1 . . . . . . Level Access Points 1 | . . . . . . . . . . . . . . . . . . . . . . . . . . 1 . Branch Access Points 1 | . . . . . . . . . 1 . . . . . . . . . . . . . . . . . . Emergency Access Points 1 | . . . . . . . 1 . . . . . . . . . . . . . . . . . . . . Terminal Index 1 | . . . . . . . . . . . . . . . . . . . . . . . . . . 1 . Garrison Index 1 | . . . . . . . . . . . . . . . . . . . . . . . . . . 1 . Alert Level 10 | . . . 1 . 3 . . 2 1 . . . . . . . . . . 1 . . . 1 . 1 . Unreport Threat 7 | . 1 1 . . 1 . . 3 . . . . . . . . . . . 1 . . . . . . . Locate Traps 6 | . 1 1 1 . . 1 . . . . . . . . . . . . . 1 . . . . . . 1 Hauler Manifests 2 | . . . 1 . . . . . . . . . . . . . . . . . . . . . . 1 . Zone Layout 1 | . . . 1 . . . . . . . . . . . . . . . . . . . . . . . . Garrison Registry 1 | . . . . . . . 1 . . . . . . . . . . . . . . . . . . . . Fabricator Hacks 1 | . . . . . . . . . 1 . . . . . . . . . . . . . . . . . . Network Status 1 | . . . . . . . . . 1 . . . . . . . . . . . . . . . . . . Repair Station Hacks 11 | . 4 . . . 2 3 . . 2 . . . . . . . . . . . . . . . . . . Scan Component 7 | . 2 . . . 1 2 . . 2 . . . . . . . . . . . . . . . . . . Repair 4 | . 2 . . . 1 1 . . . . . . . . . . . . . . . . . . . . . Recycling Unit Hacks 7 | . . . . . . . . 7 . . . . . . . . . . . . . . . . . . . Retrieve Components 7 | . . . . . . . . 7 . . . . . . . . . . . . . . . . . . . Scanalyzer . | . . . . . . . . . . . . . . . . . . . . . . . . . . . . Garrison Access Hacks 6 | . . . 1 . . 1 . . 1 . . . . . . . . . 1 . . . . 1 1 . . Unlock Access 2 | . . . 1 . . 1 . . . . . . . . . . . . . . . . . . . . . Seal Access 4 | . . . . . . . . . 1 . . . . . . . . . 1 . . . . 1 1 . . Unauthorized Hacks 19 | . 8 5 1 . . . . 1 . . . . . . . . . . 2 1 . . 1 . . . . Terminals 17 | . 6 5 1 . . . . 1 . . . . . . . . . . 2 1 . . 1 . . . . Botnet 8 | . 2 1 1 . . . . 1 . . . . . . . . . . 2 1 . . . . . . . Skim 8 | . 4 4 . . . . . . . . . . . . . . . . . . . . . . . . . Sabotage 1 | . . . . . . . . . . . . . . . . . . . . . . . 1 . . . . Fabricators . | . . . . . . . . . . . . . . . . . . . . . . . . . . . . Repair Stations . | . . . . . . . . . . . . . . . . . . . . . . . . . . . . Recycling Units 2 | . 2 . . . . . . . . . . . . . . . . . . . . . . . . . . Tunnel 2 | . 2 . . . . . . . . . . . . . . . . . . . . . . . . . . Scanalyzers . | . . . . . . . . . . . . . . . . . . . . . . . . . . . . Garrison Access . | . . . . . . . . . . . . . . . . . . . . . . . . . . . . Data Cores Recovered 1 | . . . . . . . . . 1 . . . . . . . . . . . . . . . . . . Used 1 | . . . . . . . . . 1 . . . . . . . . . . . . . . . . . . Hacking Detections 74 | . 7 6 5 3 11 6 1 10 8 . . . . 1 . . . . 4 2 . . 1 2 1 5 1 Full Trace Events 2 | . . . 1 . . . . 1 . . . . . . . . . . . . . . . . . . . Feedback Events . | . . . . . . . . . . . . . . . . . . . . . . . . . . . . Feedback Blocked . | . . . . . . . . . . . . . . . . . . . . . . . . . . . . Robot Schematics Acquired 6 | . . . . . . . . . . . . 5 . . . . . . . . . . . . . 1 . Robots Built . | . . . . . . . . . . . . . . . . . . . . . . . . . . . . Authchips . | . . . . . . . . . . . . . . . . . . . . . . . . . . . . Time . | . . . . . . . . . . . . . . . . . . . . . . . . . . . . Total Robot Build Rating . | . . . . . . . . . . . . . . . . . . . . . . . . . . . . Part Schematics Acquired 16 | . . . . . . . . 1 . . . 11 . . . . . . . 1 . . . . . 3 . Parts Built . | . . . . . . . . . . . . . . . . . . . . . . . . . . . . Authchips . | . . . . . . . . . . . . . . . . . . . . . . . . . . . . Time . | . . . . . . . . . . . . . . . . . . . . . . . . . . . . Total Part Build Rating . | . . . . . . . . . . . . . . . . . . . . . . . . . . . . Parts Repaired 4 | . 2 . . . 1 1 . . . . . . . . . . . . . . . . . . . . . Time 134 | . 52 . . . 38 44 . . . . . . . . . . . . . . . . . . . . . Parts Recycled . | . . . . . . . . . . . . . . . . . . . . . . . . . . . . Recycled Matter . | . . . . . . . . . . . . . . . . . . . . . . . . . . . . Retrieved Matter . | . . . . . . . . . . . . . . . . . . . . . . . . . . . . Retrieved Components 18 | . . . . . . . . 18 . . . . . . . . . . . . . . . . . . . Parts Scanalyzed . | . . . . . . . . . . . . . . . . . . . . . . . . . . . . Part Schematics Acquired . | . . . . . . . . . . . . . . . . . . . . . . . . . . . . Parts Damaged . | . . . . . . . . . . . . . . . . . . . . . . . . . . . . Bothacking | -11 -10 -9 -8 -8 -8 -8 -8 -8 -6 -6 -6 -6 -5 -5 -5 -5 -5 -4 -4 -4 -4 -4 -4 -3 -2 -2 -1 ------------ Run | Yrd Mat Mat Mat Gar Mat Sto Gar Rec Fac Low Low Dat Pro Fac Upp Upp War Pro Fac Ext Cet Arc Hub Res Res Qua Acc Used RIF Installer . | . . . . . . . . . . . . . . . . . . . . . . . . . . . . Robots Hacked 1 | . . . . . . . . . . . . . . . . . . . . 1 . . . . . . . Non-combat . | . . . . . . . . . . . . . . . . . . . . . . . . . . . . Combat . | . . . . . . . . . . . . . . . . . . . . . . . . . . . . Robot Hacks Applied . | . . . . . . . . . . . . . . . . . . . . . . . . . . . . Manual 1 | . . . . . . . . . . . . . . . . . . . . 1 . . . . . . . Relay Couplers Released 11 | . . . . 3 . . . . . . . . . 2 . . . . . . . . . . 2 4 . Machine Destruction 4 | . . . . . . . . . . . . . . 2 . . . . . . . . . . 2 . . Programmers 7 | . . . . 3 . . . . . . . . . . . . . . . . . . . . . 4 . Fabnet Peak Effective % . | . . . . . . . . . . . . . . . . . . . . . . . . . . . . Robots Rewired 11 | . . . . . . . . 3 . . . . . . . . . . . 8 . . . . . . . Allies Hacked . | . . . . . . . . . . . . . . . . . . . . . . . . . . . . Hacks Repelled . | . . . . . . . . . . . . . . . . . . . . . . . . . . . . Allies | -11 -10 -9 -8 -8 -8 -8 -8 -8 -6 -6 -6 -6 -5 -5 -5 -5 -5 -4 -4 -4 -4 -4 -4 -3 -2 -2 -1 -------- Run | Yrd Mat Mat Mat Gar Mat Sto Gar Rec Fac Low Low Dat Pro Fac Upp Upp War Pro Fac Ext Cet Arc Hub Res Res Qua Acc Total Allies 32 | . . . . . . . . 3 . . . . . . . . . . . 24 5 . . . . . . Largest Group 19 | . . . . . . . . 3 1 . . . . . . . . . . 18 19 19 . . . . . Highest-Rated Group 1102 | . . . . . . . . 61 18 . . . . . . . . . . 814 1102 1102 . . . . . Highest-Rated Ally 159 | . . . . . . . . 27 18 . . . . . . . . . . 159 152 152 . . . . . Initial Warlord ECA Mod 52 | . . . . . 4 4 4 6 4 4 4 4 3 3 2 2 2 1 1 1 1 1 1 . . . . Warlord Squad Rendezvous 1 | . . . . . . . . . . . . . . 1 . . . . . . . . . . . . . Ranger 1 | . . . . . . . . . . . . . . 1 . . . . . . . . . . . . . Total Orders 2 | . . . . . . . . . . . . . . . . . . . . 2 . . . . . . . STAY 1 | . . . . . . . . . . . . . . . . . . . . 1 . . . . . . . FOLLOW 1 | . . . . . . . . . . . . . . . . . . . . 1 . . . . . . . Ally Attacks 224 | . . . . . . . . 4 2 . . . . . . . . . . 179 13 26 . . . . . Total Damage 5079 | . . . . . . . . 58 29 . . . . . . . . . . 3972 294 726 . . . . . Kills 32 | . . . . . . . . 1 . . . . . . . . . . . 24 2 5 . . . . . Allies Corrupted . | . . . . . . . . . . . . . . . . . . . . . . . . . . . . Allies Melted 4 | . . . . . . . . . . . . . . . . . 1 . . . . 2 . . 1 . . Intel | -11 -10 -9 -8 -8 -8 -8 -8 -8 -6 -6 -6 -6 -5 -5 -5 -5 -5 -4 -4 -4 -4 -4 -4 -3 -2 -2 -1 ------- Run | Yrd Mat Mat Mat Gar Mat Sto Gar Rec Fac Low Low Dat Pro Fac Upp Upp War Pro Fac Ext Cet Arc Hub Res Res Qua Acc Active Infowar (turns) 21358 | 47 1197 421 539 426 2466 806 . 946 3051 817 610 109 396 669 272 581 731 549 804 1412 320 101 617 426 1263 1111 671 Optics 10587 | . . . . . . . . . . 688 610 109 396 669 272 581 731 549 804 1412 320 101 606 426 1263 1050 . Sensors 726 | . . . . . . . . . . . . . . . . . . . . . . . . . . 55 671 IFF 8119 | . . . . . . . . . 969 750 567 109 396 613 272 550 433 549 744 513 . . 301 297 310 746 . Seismic 12999 | 47 1197 421 539 426 2466 806 . 946 3049 200 . . . 133 . . . . 734 978 . . 615 347 95 . . Robot Analysis Total 3 | . 1 . 1 . . . . . . . . . . . . . . . . . . . . . . 1 . Derelict Logs Recovered 5 | . . . . . . . . . . . 2 . 2 . . 1 . . . . . . . . . . . Drone Launches . | . . . . . . . . . . . . . . . . . . . . . . . . . . . . Drone Recoveries . | . . . . . . . . . . . . . . . . . . . . . . . . . . . . Exploration | -11 -10 -9 -8 -8 -8 -8 -8 -8 -6 -6 -6 -6 -5 -5 -5 -5 -5 -4 -4 -4 -4 -4 -4 -3 -2 -2 -1 ------------- Run | Yrd Mat Mat Mat Gar Mat Sto Gar Rec Fac Low Low Dat Pro Fac Upp Upp War Pro Fac Ext Cet Arc Hub Res Res Qua Acc Turns Passed 27525 | 110 1302 1522 823 1462 3630 1094 812 1027 3172 817 610 109 396 669 272 581 731 549 804 1412 320 101 617 426 1263 1233 1661 Spaces Moved 14762 | 52 528 682 362 739 1713 463 401 537 1537 513 438 80 266 449 205 403 464 293 494 740 128 62 330 257 925 790 911 Core 14 | 3 . . . . . . . . . . . . . . . . . . . . . . . . . . 11 Treads 6509 | 49 241 507 362 739 1713 463 401 537 1497 . . . . . . . . . . . . . . . . . . Legs 8239 | . 287 175 . . . . . . 40 513 438 80 266 449 205 403 464 293 494 740 128 62 330 257 925 790 900 Wheels . | . . . . . . . . . . . . . . . . . . . . . . . . . . . . Hover . | . . . . . . . . . . . . . . . . . . . . . . . . . . . . Flight . | . . . . . . . . . . . . . . . . . . . . . . . . . . . . Fastest Speed 50 | 50 160 120 160 157 158 158 158 153 130 130 130 130 130 130 130 130 122 122 116 114 114 114 110 114 104 104 50 Average Speed 140 | 153 183 165 160 160 165 159 165 163 158 130 130 130 130 130 130 130 129 122 119 114 114 114 113 117 107 107 115 Slowest Speed 250 | 160 240 190 160 240 250 238 238 238 238 130 130 130 130 130 130 130 130 122 124 116 114 114 114 180 176 115 190 Overloaded Moves . | . . . . . . . . . . . . . . . . . . . . . . . . . . . . Propulsion Burnouts . | . . . . . . . . . . . . . . . . . . . . . . . . . . . . Robots Hopped . | . . . . . . . . . . . . . . . . . . . . . . . . . . . . Potential Cave-ins 8 | . . . . . . . . . . . . . 2 . . . 3 . . . . . . . . . 3 Cave-ins Triggered . | . . . . . . . . . . . . . . . . . . . . . . . . . . . . Exploration Rate (%) 56 | 4 89 58 33 73 98 83 50 92 52 63 60 74 61 14 47 59 76 54 14 86 79 87 24 10 44 74 27 Regions Visited 27 Branch Regions 15 Pre-discovered Areas 4 | . 2 . . . . . . . . 1 . 1 . . . . . . . . . . . . . . . Known Exits Taken 6 | . . . 1 . . 1 . . 1 . . . . 1 . . . . . . . . 1 . . 1 . Unknown Exits Taken 19 | 1 1 1 . . 1 . . 1 . 1 1 1 1 . 1 1 1 1 1 1 1 1 . 1 1 . . Scrap Searched 13 | . . . . . . . . . . 5 2 . 2 . 2 2 . . . . . . . . . . . Spaces Dug 177 | . 7 2 5 1 30 4 6 4 24 5 8 . 15 6 . 6 14 . 3 . . . 2 2 . 6 27 Terrain Destroyed 703 | . 7 2 6 1 70 4 6 4 38 54 8 . 16 6 . 6 65 . 12 10 . . 16 9 19 66 278 Melee 109 | . 7 2 3 1 23 4 3 4 23 5 5 . 10 6 . 6 . . 3 . . . 2 2 . . . Projectile 210 | . . . 3 . 30 . . . 1 . 3 . 6 . . . 3 . 9 10 . . 14 6 19 61 45 AOE 375 | . . . . . 17 . 3 . 14 49 . . . . . . 62 . . . . . . . . . 230 Terrain Rammed 1 | . 1 . . . . . . . . . . . . . . . . . . . . . . . . . . Walls Destroyed . | . . . . . . . . . . . . . . . . . . . . . . . . . . . . Machines Disabled . | . . . . . . . . . . . . . . . . . . . . . . . . . . . . Actions | -11 -10 -9 -8 -8 -8 -8 -8 -8 -6 -6 -6 -6 -5 -5 -5 -5 -5 -4 -4 -4 -4 -4 -4 -3 -2 -2 -1 --------- Run | Yrd Mat Mat Mat Gar Mat Sto Gar Rec Fac Low Low Dat Pro Fac Upp Upp War Pro Fac Ext Cet Arc Hub Res Res Qua Acc Total 19295 | 72 740 955 517 861 2183 688 479 647 2042 607 454 85 288 506 210 444 550 484 662 1193 291 90 493 338 1143 1031 1242 Wait 2306 | . 87 112 69 32 186 123 32 23 262 38 2 . 6 11 . 29 36 191 111 305 146 23 85 31 101 131 134 Move 14735 | 52 527 681 362 735 1712 463 400 536 1536 512 437 79 265 448 204 402 463 292 493 739 127 61 329 256 924 789 911 Hop . | . . . . . . . . . . . . . . . . . . . . . . . . . . . . Pick Up 204 | 9 22 24 7 3 33 4 1 4 30 4 1 . . 7 1 . 3 . 9 5 3 . 3 4 12 2 13 Fast Attach 64 | 4 1 3 . . 2 1 . 1 8 4 . 3 . . . . 2 . . 1 . . 15 . 5 6 8 Attach 89 | 3 5 6 2 9 10 1 1 4 9 2 . . . 2 . . 1 . 3 . . . 1 3 5 1 21 Detach 10 | . 1 . . . 1 . . . 1 . . . . . . . . . 1 . . . 1 . 2 2 1 Swap 453 | . 16 29 22 8 64 26 7 4 52 15 2 . 1 14 4 4 16 1 15 24 5 . 16 22 36 29 21 Drop 239 | . 13 31 12 2 27 10 1 1 31 6 1 3 1 6 1 . 6 . 7 11 3 . 8 6 34 14 4 Fire 867 | 4 51 62 37 66 112 46 31 15 71 15 6 . 5 7 . 3 19 . 16 52 7 2 27 13 23 55 122 Melee 187 | . 16 7 4 4 30 14 6 5 42 11 5 . 10 6 . 6 4 . 6 . . . 8 3 . . . Ram 1 | . 1 . . . . . . . . . . . . . . . . . . . . . . . . . . Kick 11 | . . . . . . . . . . . . . . . . . . . 1 . . . . . 1 2 7 Crush 8 | . . . 2 . 6 . . . . . . . . . . . . . . . . . . . . . . Escape Stasis 9 | . . . . 2 . . . . . . . . . 5 . . . . . 2 . . . . . . . Rewire 112 | . . . . . . . . 54 . . . . . . . . . . . 54 . 4 . . . . . Trap . | . . . . . . . . . . . . . . . . . . . . . . . . . . . . Miscellaneous . | . . . . . . . . . . . . . . . . . . . . . . . . . . . . Route ------- -11/Scrapyard -10/Materials (discovered 5 exits: *Mat x2 / [*Min x2] / [*Sub]) -9/Materials (discovered 2 exits: *Mat x2) -8/Materials (discovered 2 exits: *Sto / Gar) -8/Garrison (discovered 3 exits: *Mat x3) -8/Materials (discovered 4 exits: [*Fac x3] / *Sto) -8/Storage (discovered 3 exits: [*Fac] / *Rec / Gar) -8/Garrison (discovered 3 exits: *Rec x3) -8/Recycling -6/Factory (discovered 2 exits: *Low x2) -6/Lower Caves -6/Lower Caves (discovered 2 exits: *Fac / *Dat) -6/Data Miner -5/Proximity Caves -5/Factory (discovered 2 exits: *Upp x2) -5/Upper Caves -5/Upper Caves -5/Warlord -4/Proximity Caves -4/Factory (discovered 3 exits: *Res x2 / *Ext) -4/Extension (discovered 2 exits: *Res / *Cet) -4/Cetus -4/Archives (discovered 2 exits: *Hub x2) -4/Hub_04(d) -3/Research -2/Research (discovered 3 exits: *Acc / *Qua x2) -2/Quarantine -1/Access History --------- Turn | Location | Event 19 | -11/Scrapyard | Discovered new exit (range 16) 111 | -11/Scrapyard | Entered Materials 315 | -10/Materials | Build established: Mutant 490 | -10/Materials | Lost 3 parts (1p1n1w) 504 | -10/Materials | Discovered new exit (range 8) 571 | -10/Materials | Discovered new exit (range 16) 674 | -10/Materials | Core integrity fell below 50% 709 | -10/Materials | Discovered new exit (range 14) 891 | -10/Materials | Discovered new exit (range 12) 1249 | -10/Materials | Repaired Seismic Detector 1277 | -10/Materials | Repaired Lgt. Treads 1377 | -10/Materials | Discovered new exit (range 9) 1413 | -10/Materials | Entered another Materials area 1413 | -9/Materials | Evolved 2 slots: Propulsion x1, Utility x1 1736 | -9/Materials | Discovered new exit (range 3) 1838 | -9/Materials | System corruption reached 10% 1896 | -9/Materials | Lost 4 parts (1p1n2u) 2197 | -9/Materials | Discovered new exit (range 9) 2208 | -9/Materials | Build established: Scavenger-Mutant 2935 | -9/Materials | Entered another Materials area 2935 | -8/Materials | Evolved 2 slots: Utility x1, Weapon x1 3240 | -8/Materials | Build established: Scavenger-Tank 3476 | -8/Materials | Discovered new exit (range 16) 3734 | -8/Materials | Garrison activated, responded to threat 3758 | -8/Materials | Identified exit to Garrison 3758 | -8/Materials | Entered Garrison 3940 | -8/Garrison | Triggered checkpoint 4012 | -8/Garrison | Triggered checkpoint 4288 | -8/Garrison | Triggered checkpoint 4377 | -8/Garrison | Discovered new exit (range 9) 4488 | -8/Garrison | Triggered checkpoint 4593 | -8/Garrison | Discovered new exit (range 15) 4702 | -8/Garrison | Triggered checkpoint 4740 | -8/Garrison | Lost 7 parts (1p3n3w) 4886 | -8/Garrison | Attempted to access garrison exit controls, blocked by remote lockdown 5020 | -8/Garrison | Attempted to access garrison exit controls, blocked by remote lockdown 5031 | -8/Garrison | Build established: Tank 5105 | -8/Garrison | Triggered checkpoint 5199 | -8/Garrison | Discovered new exit (range 12) 5220 | -8/Garrison | Entered Materials 5446 | -8/Materials | Repaired Adv. Treads 5569 | -8/Materials | Discovered new exit (range 3) 5765 | -8/Materials | Discovered new exit (range 3) 5864 | -8/Materials | Discovered new exit (range 16) 6820 | -8/Materials | First assault squad dispatched 6997 | -8/Materials | Core integrity fell below 50% 7037 | -8/Materials | Lost 3 parts (2n1w) 7147 | -8/Materials | Discovered new exit (range 6) 7452 | -8/Materials | Build established: Scavenger-Tank 8310 | -8/Materials | Build established: Scavenger-Mutant 8850 | -8/Materials | Entered Storage 9194 | -8/Storage | Used back door to open Recycling access 9194 | -8/Storage | Discovered new exit (range 5) 9390 | -8/Storage | Repaired Hrd. Heavy Armor Plating 9496 | -8/Storage | Discovered new exit (range 9) 9691 | -8/Storage | Garrison activated, responded to threat 9696 | -8/Storage | Build established: Tank 9944 | -8/Storage | Identified exit to Garrison 9944 | -8/Storage | Entered Garrison 10080 | -8/Garrison | Triggered checkpoint 10319 | -8/Garrison | Destroyed 14 combat bots 10366 | -8/Garrison | Triggered checkpoint 10367 | -8/Garrison | Core integrity fell below 20% 10424 | -8/Garrison | Build established: Gunner 10440 | -8/Garrison | Discovered new exit (range 10) 10655 | -8/Garrison | Discovered new exit (range 12) 10664 | -8/Garrison | Discovered new exit (range 87) 10664 | -8/Garrison | Discovered new exit (range 65) 10664 | -8/Garrison | Discovered new exit (range 13) 10756 | -8/Garrison | Entered Recycling 10847 | -8/Recycling | Scanned before Scraplab entrance 10972 | -8/Recycling | Build established: Mutant 11397 | -8/Recycling | Lost 3 parts (1n1u1w) 11637 | -8/Recycling | Build established: Tank 11701 | -8/Recycling | Discovered new exit (range 9) 11783 | -8/Recycling | Entered Factory 11783 | -6/Factory | Accompanied by 1 ally 11783 | -6/Factory | Evolved 4 slots: Propulsion x1, Utility x2, Weapon x1 12116 | -6/Factory | Build established: Gunner 12342 | -6/Factory | Lost 3 parts (1n2w) 12669 | -6/Factory | Garrison activated, responded to threat 12908 | -6/Factory | Build established: Scavenger-Tank 13403 | -6/Factory | Build established: Scavenger-Gunner 14274 | -6/Factory | Build established: Scavenger-Tank 14592 | -6/Factory | Identified exit to Lower Caves 14955 | -6/Factory | Entered Lower Caves 15012 | -6/Lower Caves | Met a Warlord Commander 15013 | -6/Lower Caves | Learned location of Warlord (-5) 15016 | -6/Lower Caves | Warlord Commander delivered Encrypted Comm Array 15019 | -6/Lower Caves | Found Encrypted Comm Array 15306 | -6/Lower Caves | Ambushed by wild Derelicts 15449 | -6/Lower Caves | Build established: Tank 15649 | -6/Lower Caves | Spotted B-75 Beast 15761 | -6/Lower Caves | Discovered new exit (range 8) 15772 | -6/Lower Caves | Entered another Lower Caves area 15821 | -6/Lower Caves | Discovered new exit (range 17) 15910 | -6/Lower Caves | Encountered a Warlord checkpoint 16203 | -6/Lower Caves | Learned Factory terminal intel 16252 | -6/Lower Caves | Discovered new exit (range 16) 16323 | -6/Lower Caves | Entered an active Warlord outpost 16341 | -6/Lower Caves | Learned Armory emergency access door positions 16341 | -6/Lower Caves | Learned Factory security intel 16341 | -6/Lower Caves | Learned Factory terminal intel 16341 | -6/Lower Caves | Learned Factory garrison access intel 16341 | -6/Lower Caves | Learned Research garrison access intel 16382 | -6/Lower Caves | Entered Data Miner 16382 | -6/Data Miner | Discovered new exit (range 6) 16401 | -6/Data Miner | Met Data Miner 16432 | -6/Data Miner | Learned location of Section 7 (-2) 16432 | -6/Data Miner | Acquired the access code to Warlord's prototype stash 16450 | -6/Data Miner | Received God Mode back door access code from Data Miner 16491 | -6/Data Miner | Entered Proximity Caves 16575 | -5/Proximity Caves | Spotted B-75 Beast 16681 | -5/Proximity Caves | Learned location of 1 exit from Factory 16844 | -5/Proximity Caves | Learned location of 1 exit from Factory 16853 | -5/Proximity Caves | Discovered new exit (range 11) 16887 | -5/Proximity Caves | Entered Factory 16887 | -5/Factory | Evolved 2 slots: Utility x2 16888 | -5/Factory | Identified exit to Upper Caves 16890 | -5/Factory | Loaded intel: 25 terminal locations 16891 | -5/Factory | Loaded intel: 3 garrison access locations 17347 | -5/Factory | Joined by Warlord Ranger squad 17556 | -5/Factory | Entered Upper Caves 17809 | -5/Upper Caves | Discovered new exit (range 5) 17828 | -5/Upper Caves | Entered another Upper Caves area 17829 | -5/Upper Caves | Encountered a Warlord checkpoint 18303 | -5/Upper Caves | Attracted the attention of an 0b10 checkpoint 18368 | -5/Upper Caves | Learned Factory security intel 18394 | -5/Upper Caves | Discovered new exit (range 6) 18409 | -5/Upper Caves | Entered Warlord 18585 | -5/Warlord | Met Warlord 18610 | -5/Warlord | Warlord's base attacked by MAIN.C 18714 | -5/Warlord | Opened Warlord's prototype stash 18722 | -5/Warlord | Found Prototype Device 18722 | -5/Warlord | Identified Exp. Phase Shifter 18729 | -5/Warlord | Found Prototype Device 18729 | -5/Warlord | Identified Exp. Focal Shield 18960 | -5/Warlord | Warlord forces counterattacked 19003 | -5/Warlord | Spotted Striker 19010 | -5/Warlord | Spotted Striker 19045 | -5/Warlord | Spotted Executioner 19078 | -5/Warlord | Destroyed 12 combat bots 19093 | -5/Warlord | Lost 16 allies 19093 | -5/Warlord | Found Prototype Processor 19093 | -5/Warlord | Identified Exp. Core Analyzer 19110 | -5/Warlord | Spotted Executioner 19119 | -5/Warlord | Discovered new exit (range 20) 19121 | -5/Warlord | Spotted B-86 Titan 19140 | -5/Warlord | Entered Proximity Caves 19168 | -4/Proximity Caves | Lost 4 allies 19384 | -4/Proximity Caves | Received a Behemoth hack from an annoying Tinkerer 19658 | -4/Proximity Caves | Discovered new exit (range 10) 19689 | -4/Proximity Caves | Entered Factory 19689 | -4/Factory | Evolved 2 slots: Propulsion x1, Utility x1 19691 | -4/Factory | Loaded intel: 28 terminal locations 20036 | -4/Factory | Discovered new exit (range 22) 20045 | -4/Factory | Discovered new exit (range 22) 20148 | -4/Factory | Identified exit to Research 20489 | -4/Factory | Discovered new exit (range 6) 20493 | -4/Factory | Entered Extension 20572 | -4/Extension | Rescued a captive Derelict 20573 | -4/Extension | Rescued a captive Derelict 20948 | -4/Extension | Rescued a captive Derelict 20949 | -4/Extension | Rescued a captive Derelict 20956 | -4/Extension | Rescued a captive Derelict 20957 | -4/Extension | Rescued a captive Derelict 20984 | -4/Extension | Rescued a captive Derelict 20988 | -4/Extension | Rescued a captive Derelict 21009 | -4/Extension | Rescued a captive Derelict 21010 | -4/Extension | Rescued a captive Derelict 21204 | -4/Extension | Build established: Commander-Tank 21414 | -4/Extension | Spotted B-86 Titan 21422 | -4/Extension | Spotted B-86 Titan 21425 | -4/Extension | Befriended a Behemoth using the annoying Tinkerer's hack 21454 | -4/Extension | Allies destroyed B-86 Titan 21482 | -4/Extension | Lost 3 allies 21540 | -4/Extension | Rescued A7 21655 | -4/Extension | Rescued a captive Derelict 21655 | -4/Extension | Rescued a captive Derelict 21688 | -4/Extension | Rescued a captive Derelict 21691 | -4/Extension | Rescued a captive Derelict 21768 | -4/Extension | Energy Cycler disabled 21769 | -4/Extension | Rescued a captive Derelict 21770 | -4/Extension | Rescued a captive Derelict 21827 | -4/Extension | Lost 3 allies 21838 | -4/Extension | Discovered exit to Research (range 10) 21839 | -4/Extension | Discovered new exit (range 6) 21905 | -4/Extension | Entered Cetus 21905 | -4/Cetus | Accompanied by 15 allies (A7) 21910 | -4/Cetus | Acquired a Cetus Manufacturing Module code from A7 21923 | -4/Cetus | Spotted Cetus Guard 21924 | -4/Cetus | Spotted Cetus Guard 21928 | -4/Cetus | Spotted Cetus Guard 21929 | -4/Cetus | Destroyed Cetus Guard 21930 | -4/Cetus | Spotted Cetus Guard 21933 | -4/Cetus | Allies destroyed Cetus Guard 21935 | -4/Cetus | Destroyed Cetus Guard 21940 | -4/Cetus | Allies destroyed Cetus Guard 22007 | -4/Cetus | Started Cetus Manufacturing Module 22015 | -4/Cetus | Escorted A7 to Cetus Mainframe 22032 | -4/Cetus | Manufactured an Enhanced Grunt 22057 | -4/Cetus | Manufactured an Enhanced Grunt 22082 | -4/Cetus | Manufactured an Enhanced Grunt 22107 | -4/Cetus | Manufactured an Enhanced Grunt 22132 | -4/Cetus | Manufactured an Enhanced Grunt 22155 | -4/Cetus | Discovered new exit (range 22) 22225 | -4/Cetus | Entered Archives 22225 | -4/Archives | Accompanied by 19 allies (A7) 22230 | -4/Archives | Received a hacking code to weaken MAIN.C 22255 | -4/Archives | Met Zhirov 22255 | -4/Archives | Discovered new exit (range 22) 22261 | -4/Archives | Reinforcements dispatched to Archives 22268 | -4/Archives | Discovered new exit (range 21) 22275 | -4/Archives | Read partially decrypted archive contents 22306 | -4/Archives | Reinforcements dispatched to Archives 22326 | -4/Archives | Zhirov detonated Archives 22326 | -4/Archives | Entered Hub_04(d) 22357 | -4/Hub_04(d) | Lost 18 allies 22711 | -4/Hub_04(d) | Build established: Scavenger-Tank 22795 | -4/Hub_04(d) | Discovered exit to Research (range 5) 22895 | -4/Hub_04(d) | Network Hub disabled 22916 | -4/Hub_04(d) | Incoming investigation squad redirected 22942 | -4/Hub_04(d) | Spotted Lightning 22943 | -4/Hub_04(d) | Entered Research 22943 | -3/Research | Evolved 2 slots: Utility x1, Weapon x1 22944 | -3/Research | Loaded intel: 3 garrison access locations 23333 | -3/Research | Discovered new exit (range 6) 23358 | -3/Research | Cargo convoy interrupted 23358 | -3/Research | Spotted Striker 23358 | -3/Research | Spotted Striker 23358 | -3/Research | Spotted Executioner 23359 | -3/Research | Spotted Striker 23359 | -3/Research | Spotted Striker 23369 | -3/Research | Entered another Research area 23369 | -2/Research | Warlord forces began assault on 0b10 23369 | -2/Research | Evolved 2 slots: Power x1, Utility x1 23479 | -2/Research | Research machine network offline 23531 | -2/Research | Spotted B-90 Cyclops 23552 | -2/Research | Destroyed B-90 Cyclops 23607 | -2/Research | Discovered new exit (range 18) 23717 | -2/Research | Found Prototype Processor 23717 | -2/Research | Identified Exp. Signal Interpreter 23818 | -2/Research | Borebot progress halted 23848 | -2/Research | Met DD-05H 23851 | -2/Research | Met up with Warlord 23877 | -2/Research | Discovered new exit (range 20) 23991 | -2/Research | Spotted B-90 Cyclops 23995 | -2/Research | Borebot progress halted 24022 | -2/Research | Destroyed B-90 Cyclops 24060 | -2/Research | Discovered new exit (range 22) 24100 | -2/Research | Found Prototype Device 24100 | -2/Research | Identified Adv. Kinecellerator 24112 | -2/Research | Spotted Striker 24116 | -2/Research | Spotted Executioner 24143 | -2/Research | Build established: Scavenger-Gunner 24239 | -2/Research | Borebot progress halted 24369 | -2/Research | Warlord invited to help at Command 24369 | -2/Research | Given Cave Seal Controls access code 24632 | -2/Research | Entered Quarantine 24714 | -2/Quarantine | Identified exit to Access 25194 | -2/Quarantine | Found Alien Reactor 25639 | -2/Quarantine | Found Alien Artifact 25639 | -2/Quarantine | Identified Phase Armor 25860 | -2/Quarantine | Incoming assault squad redirected 25865 | -2/Quarantine | Incoming assault squad redirected 25865 | -2/Quarantine | Entered Access 25865 | -1/Access | Evolved 2 slots: Utility x2 25960 | -1/Access | Lost 5 allies 26059 | -1/Access | Garrison activated, responded to threat 26365 | -1/Access | First assault squad dispatched 26772 | -1/Access | Destroyed 7 combat bots 26882 | -1/Access | Lost 4 parts (2u2w) 26990 | -1/Access | Found Fusion Bomb Launcher 27138 | -1/Access | Core integrity fell below 50% 27139 | -1/Access | Lost 4 parts (1p1u2w) 27248 | -1/Access | Identified Matter Drive 27267 | -1/Access | Destroyed 15 combat bots 27271 | -1/Access | Lost 19 parts (4p3n5u7w) 27289 | -1/Access | Found Fusion Bomb Launcher 27456 | -1/Access | Build established: Scavenger-Mutant 27520 | -1/Access | Core integrity fell below 20% 27520 | -1/Access | Released all parts (7) 27526 | -1/Access | Core destroyed Last Messages --------------- 27499_ Slug penetrates Wall. 27504_ Penetrated by Slug. 27504_ Slug penetrates Wall. 27507_ Penetrated by Slug. 27515_ Enh. Nova Cannon destroyed. 27519_ C-30 ARC bursts open, deploying its payload. 27519_ H-88 Terminator unfolds itself. 27519_ Penetrated by Slug. 27520_ Released Centrium Leg. 27520_ Released Adv. Signal Interpreter. 27520_ Released Adv. Target Analyzer. 27520_ Released Lrg. Storage Unit. 27520_ Released Exp. Core Analyzer. 27520_ Released Adv. Target Analyzer. 27520_ Released Imp. Armor Integrity Analyzer. 27521_ Slug penetrates Wall. 27522_ Penetrated by Slug. 27526_ Slug penetrates Wall. 27526_ Slammed into H-88 Terminator. Map ----- +----------------------------------------------------+ | ?????????????????????????????????????????????????? | | ?????????????????????????????????????????????????? | | ?????????????????????????????????????????????????? | | ?????????????????????????????????????????????????? | | ?????????????????????????????????????????????????? | | ?????????????????????????????????????????????????? | | ?????????????????????????????????????????????????? | | ?????????????????????????????????????????????????? | | ?????????????????????????????????????????????????? | | ?????????????????????????????????????????????????? | | ?????????????????????????????????????????????????? | | ?????????????????????????????????????????????????? | | ????????????????????????????????????? ??????????? | | ????????????????????????????????????? ??????????? | | ?????????????????????????#####??????? ??????????? | | ?????????????????????????# ???????H #?????????? | | ?????????????????????????# ????#?? #?????????? | | ?????????????????????????# ""?? #?? #?????????? | | ?????????????????????????# """ #?? #?????????? | | ?????????????????????????# R" #?# #?????????? | | ?????????????????????????# """ #?# #?????????# | | ?????????????????????????# "" #?# ###???##### | | ?????????????????????????# ???# # *??? ! ## | | ?????????????????????????? ?????# # ?? ## | | ?????????????????###########+######## # "" ## | | ?????????? h@ ss!] # "" !!## | | ?????????? %h ss # "T !!## | | ????????????# ""############## # "" ## | | ????????????# "?????? ??????# # "" ## | | ????????????# ??????# "????# # ??# | | ????????????#? ????????# """ ??# # ????# | | ????????????????? ?????????# " # ###+####### | | ???????????????????????????# + | | ???????????????????????????# # | | ???????????????????????????# ??# ######+##### | | ???????????????????????????# ????# #??????????? | | ???????????????????????????# ??????# +??????????? | | ???????????????????????????#????????# #??????????? | | ????????????????????????????????????# #??????????? | | ???????????????????????????????????? +??????????? | | ???????????????????????????????????? #??????????? | | ???????????????????????????????????? ???????????? | | ???????????????????????????????????? ???????????? | | ????????????????????????????????????##???????????? | | ?????????????????????????????????????????????????? | | ?????????????????????????????????????????????????? | | ?????????????????????????????????????????????????? | | ?????????????????????????????????????????????????? | | ?????????????????????????????????????????????????? | | ?????????????????????????????????????????????????? | +----------------------------------------------------+ Best States ------------- Heat Dissipation 90 Coolant Potential 65 Energy Generation 45 Energy Capacity 440 Matter Stores 300 Matter Capacity 300 Sight Range 22 Robot Scan Range 18 Terrain Scan Density 10 EM Shielding 4 Armor Coverage 1200 Resistance: KI 30 Resistance: EM 15 Evasion (%) 70 Targeting Accuracy 8 Target Analysis 12 Core Analysis 8 Armor Integrity Analysis 40 Recoil Reduction 7 Kinecelleration 30 Offensive Hacking 14 Item Schematics ----------------- Hcp. Storage Unit | -8/Recycling | Hacked Combat Drone Bay | -6/Data Miner | Free Lgt. Regenerative Plating | -6/Data Miner | Free Enh. Flexi-carbon Leg | -6/Data Miner | Free Exp. Heat Sink | -6/Data Miner | Free Hvy. Gatling Laser | -6/Data Miner | Free Imp. Linear Gravjet | -6/Data Miner | Free Lrn. Sensor Array | -6/Data Miner | Free Phase Gun | -6/Data Miner | Free Imp. Weapon Cycler | -6/Data Miner | Free Micro-nuke Launcher | -6/Data Miner | Free Antigrav Array | -6/Data Miner | Free Enh. Nova Cannon | -4/Extension | Hacked Exp. Biometal Leg | -2/Quarantine | Archive Adv. Gravity Neutralizer | -2/Quarantine | Archive Exp. Power Amplifier | -2/Quarantine | Archive Robot Schematics ------------------ A-15 Conveyor | -6/Data Miner | Free R-10 Processor | -6/Data Miner | Free B-60 Warrior | -6/Data Miner | Free G-50 Soldier | -6/Data Miner | Free M-30 Cleanser | -6/Data Miner | Free K-01 Serf | -2/Quarantine | Archive Fabricated ------------ Nothing Repaired ---------- Seismic Detector | 20% | -10/Materials Lgt. Treads | 74% | -10/Materials Adv. Treads | 30% | -8/Materials Hrd. Heavy Armor Plating | 5% | -8/Storage Alien Tech Used ----------------- Phase Armor Matter Drive Achievements -------------- None Challenges ------------ None Game ------ Seed RagnarokProjectileHumpback Manual? 0 Play Time 04:24:51 Cumulative 376.8 hours Start 2025.08.03 @ 21:39:29 End 2025.08.09 @ 19:46:28 Sessions 3 Manual Loads 0 Difficulty Rogue Special Mode None Game No. 234 Rogue 234 Adventurer 0 Explorer 0 Win Type - Total 8 Types 8/0/0/0/0/0/0/0/0/0 Lore% 79 Gallery% 74 Achievement% 68 Wizard Run 0 Options --------- Layout 1 ASCII 0 Keyboard 1 Movement Numpad Keybinds 0 Fullscreen 2 Font 24/Smallcaps Map View 50x35 Zoom Use 0% Tactical HUD 1 Map Filters NONE Filters NONE Steam 1 RUN: 108a7fd9-28b3-4348-8c78-bd1d5a562058